 Dungeon Crawl Stone Soup version 0.23-a0-119-ga86c9e7 (webtiles) character file.

1027 Kuinu the Skirmisher (level 8, 0/73 HPs)
             Began as a Yellow Draconian Berserker on Aug 24, 2018.
             Was a Priest of Trog.
             Slain by a gnoll
             ... wielding a +0 club
              (3 damage)
             ... on level 5 of the Dungeon.
             The game lasted 00:07:47 (2568 turns).

Kuinu the Skirmisher (Yellow Draconian Berserker)   Turns: 2568, Time: 00:07:49

Health: 0/73       AC:  8    Str: 25    XL:     8   Next: 3%
Magic:  8/8        EV: 14    Int:  7    God:    Trog [***...]
Gold:   218        SH:  0    Dex: 13    Spells: 7/7 levels left

rFire    . . .     SeeInvis .   g - +4 short sword
rCold    . . .     Gourm    .   (no shield)
rNeg     . . .     Faith    .   (armour unavailable)
rPois    .         Spirit   .   (helmet restricted)
rElec    .         Reflect  .   (no cloak)
rCorr    +         Harm     .   v - +1 pair of gloves
MR       .....                  (no boots)
Stlth    +.........             (no amulet)
HPRegen  0.22/turn              (no ring)
MPRegen  0.11/turn              (no ring)

@: mighty, berserk cooldown, slowed, very slow
A: spit acid, acid resistance, unfitting armour, cold-blooded, AC +6
a: Breathe Acid, Berserk, Trog's Hand, Renounce Religion


You were on level 5 of the Dungeon.
You worshipped Trog.
Trog was most pleased with you.
You were very hungry.

You visited 1 branch of the dungeon, and saw 5 of its levels.
You also visited: Sewer.

You collected 218 gold pieces.

Inventory:

Hand Weapons
 a - a +0 falchion
 g - a +4 short sword (weapon)
Armour
 v - a +1 pair of gloves (worn)
Scrolls
 c - 3 scrolls of identify
 d - a scroll of teleportation
 e - a scroll of enchant armour
 j - a scroll of noise {unknown}
 l - a scroll of enchant weapon
 n - a scroll of amnesia {unknown}
 p - 2 scrolls of fear {unknown}
 q - 4 scrolls of remove curse
 t - a scroll of immolation {unknown}
 u - a scroll of magic mapping {unknown}
 x - a scroll of blinking {unknown}
Potions
 h - 2 potions of ambrosia
 i - 2 potions of magic
 k - 2 potions of degeneration {unknown}
 m - 2 potions of heal wounds {unknown}
 r - 2 potions of invisibility {unknown}
 s - a potion of flight {unknown}
 z - a potion of blood
 A - a potion of agility {unknown}
 B - 2 potions of brilliance {unknown}
Comestibles
 b - 12 rations
 f - 8 chunks of flesh


   Skills:
 * Level 7.2 Fighting
 * Level 6.6 Long Blades
 + Level 4.6 Dodging


You had 7 spell levels left.
You didn't know any spells.
Your spell library was empty.

Dungeon Overview and Level Annotations

Branches:
Dungeon (5/15)             Temple (0/1) D:4

Altars:
Hepliaklqana
Okawaru


Innate Abilities, Weirdness & Mutations

You can spit globs of acid.
You are resistant to acid.
Your golden yellow scales are hard. (AC +6)
You cannot fit into any form of body armour.
You are cold-blooded and may be slowed by cold attacks.


Message History

The gnoll closely misses you.
You hit the gnoll.
The gnoll is moderately wounded.
The centaur shoots an arrow.
The arrow hits you!
* * * LOW HITPOINT WARNING * * *
The gnoll barely misses you.
The centaur shoots an arrow.
The arrow hits you but does no damage.
You hit the gnoll.
The gnoll is heavily wounded.
You have got your breath back.
The centaur shoots an arrow.
The arrow hits you but does no damage. The gnoll closely misses you.
The centaur shoots an arrow.
The arrow misses you.
You feel better.
Your skin stops crawling.
You feel less resistant to hostile enchantments.
The centaur shoots an arrow.
The arrow hits you!
* * * LOW HITPOINT WARNING * * *
The gnoll hits you with a club.
You die...

#........
#........#
#........#
#........#
#........## ###
#.........#
....###†....[....
#(..)@.c...).#
####g.)).....#
#......##>##
#.[.....#..$#
#...(.....#.#.
#......##.....
#.........#...
#...>......#
#....<.###....


You could see a centaur and a gnoll.

Vanquished Creatures
  Grinder (D:5)
  Purgy (Sewer)
  2 ogres
  A centaur (D:5)
  A bullfrog zombie (D:3)
  2 orc priests (D:4)
  A gnoll shaman (D:5)
  A hound (D:4)
  An iguana (D:3)
  Jessica (D:3)
  4 orc wizards (D:4)
  A worker ant (D:4)
  7 adders
  A gnoll (D:5)
  An ooze (D:3)
  An adder skeleton (D:5)
  4 dart slugs
  2 worms
  5 leopard geckos
  7 orcs
  3 ball pythons
  9 giant cockroaches
  3 goblins
  9 hobgoblins
  4 quokkas
  5 bats
  5 frilled lizards
  6 kobolds
  A leopard gecko skeleton (D:4)
  3 rats
93 creatures vanquished.

Notes
Turn   | Place    | Note
-------+----------+-------------------------------------------
     0 | D:1      | Kuinu the Draconian Berserker began the quest for the Orb.
     0 | D:1      | Reached XP level 1. HP: 19/19 MP: 1/1
   109 | D:1      | Reached XP level 2. HP: 15/26 MP: 2/2
   438 | D:2      | Reached XP level 3. HP: 33/33 MP: 3/3
   452 | D:2      | Reached skill level 4 in Fighting
   469 | D:2      | Reached ** piety under Trog
   512 | D:2      | Found an iron altar of Okawaru.
   604 | D:2      | Found a hazy altar of Hepliaklqana.
   894 | D:3      | Reached XP level 4. HP: 40/40 MP: 4/4
  1398 | D:3      | Noticed Jessica
  1407 | D:3      | Killed Jessica
  1407 | D:3      | Reached XP level 5. HP: 44/47 MP: 5/5
  1415 | D:3      | Identified Jessica's Tome of Bewitchment
  1652 | D:4      | Reached skill level 5 in Fighting
  1810 | D:4      | Found a staircase to the Ecumenical Temple.
  1840 | D:4      | Noticed an ogre
  1845 | D:4      | Killed an ogre
  1845 | D:4      | Reached skill level 5 in Long Blades
  1845 | D:4      | Reached XP level 6. HP: 56/56 MP: 6/6
  1864 | D:4      | Reached *** piety under Trog
  1986 | D:4      | Found a glowing drain.
  2003 | Sewer    | Entered a sewer
  2087 | Sewer    | Noticed Purgy
  2092 | Sewer    | Killed Purgy
  2092 | Sewer    | Reached skill level 6 in Fighting
  2092 | Sewer    | Your scales start taking on a golden yellow colour.
  2092 | Sewer    | Reached XP level 7. HP: 63/63 MP: 7/7
  2524 | D:5      | Entered Level 5 of the Dungeon
  2531 | D:5      | Noticed Grinder
  2542 | D:5      | Killed Grinder
  2542 | D:5      | Reached skill level 7 in Fighting
  2544 | D:5      | Reached XP level 8. HP: 73/73 MP: 8/8
  2568 | D:5      | HP: 3/73 [centaur/arrow (13)]
  2568 | D:5      | Slain by a gnoll

Vault maps used:
D:1:      nagdon_arrival_zigzag_paths, palyth_stone_intersect
D:2:      nicolae_overflow_crystal_walls, okawaru_ov_weapons_minmay
D:3:      kennysheep_jessica_study
D:4:      minmay_temple_entry_statues, first_ration, portal_sewer_entry_f
D:5:      uniq_sigmund, uniq_grinder
Sewer:    kennysheep_door_sewer

Skill      XL: |  1  2  3  4  5  6  7 |
---------------+----------------------+-----
Fighting       | 4 5 6 7 |  7.2
Dodging        | 3 4 |  4.6
Long Blades    | 4 5 6 |  6.6

Action                   |  1- 3 |  4- 6 |  7- 9 || total
-------------------------+-------+-------+-------++-------
Melee: Falchion          |    10 |       |       ||    10
       Tailslap          |     9 |    17 |    11 ||    37
       Short sword       |    65 |   140 |    48 ||   253
Invok: Berserk           |       |     2 |     1 ||     3
       Trog's Hand       |       |     1 |     1 ||     2
 Abil: Breathe Acid      |       |       |     1 ||     1
  Use: Scroll            |       |     7 |       ||     7
       Potion            |       |     2 |     2 ||     4
 Stab: Sleeping          |       |     2 |     1 ||     3
  Eat: Chunk             |       |     5 |     3 ||     8
Armor: Skin              |    18 |    41 |    21 ||    80
Dodge: Dodged            |    50 |   111 |    49 ||   210
       Rpst.: Falchion   |     3 |       |       ||     3

Table legend:
 A = Non-vault XP
 B = Vault XP
 C = Vault XP percentage of total XP
 D = Non-vault monster count
 E = Vault monster count
 F = Vault count percentage of total count
                 A         B        C        D         E       F
            +---------+---------+-------+---------+---------+-------
      Total |     988 |     480 |  32.7 |      79 |      14 |  15.1
            +---------+---------+-------+---------+---------+-------
        D:1 |      24 |       0 |   0.0 |      12 |       0 |   0.0
        D:2 |      51 |       0 |   0.0 |      17 |       0 |   0.0
        D:3 |     156 |      39 |  20.0 |      20 |       2 |   9.1
        D:4 |     490 |      13 |   2.6 |      24 |       5 |  17.2
        D:5 |     267 |     290 |  52.1 |       6 |       1 |  14.3
      Sewer |       0 |     138 | 100.0 |       0 |       6 | 100.0
            +---------+---------+-------+---------+---------+-------
